 Dungeon Crawl Stone Soup version 0.19-a0-1821-g42c593c (webtiles) character file.

2664 Amnesiac the Basher (level 9, -10/98 HPs)
             Began as an Ogre Abyssal Knight on Oct 6, 2016.
             Was an Elder of Lugonu.
             Killed from afar by a hell hound (21 damage)
             ... with a blast of flame
             ... on level 9 of the Dungeon.
             The game lasted 00:11:25 (6863 turns).

Amnesiac the Basher (Ogre Abyssal Knight)           Turns: 6863, Time: 00:11:26

Health: -10/98     AC:  4    Str: 19    XL:     9   Next: 63%
Magic:  10/10      EV: 15    Int: 16    God:    Lugonu [****..]
Gold:   307        SH:  5    Dex: 14    Spells: 0 memorised, 8 levels left

rFire  . . .     SeeInvis .     f - +2 flail (protect)
rCold  + . .     Gourm    .     r - +0 robe
rNeg   . . .     Faith    .     (no shield)
rPois  .         Spirit   .     q - +0 hat
rElec  .         Dismiss  .     e - +0 cloak
rCorr  .         Reflect  +     (gloves unavailable)
MR     .....     Harm     .     (boots unavailable)
Stlth  ++........               a - +5 amulet of reflection
                                E - ring of protection from cold
                                z - -3 ring of dexterity

@: brilliant, agile
A: unfitting armour, tough skin 1
a: Depart the Abyss, Bend Space, Banish, Corrupt, Renounce Religion


You were on level 9 of the Dungeon.
You worshipped Lugonu.
Lugonu was greatly pleased with you.
You were hungry.

You visited 1 branch of the dungeon, and saw 9 of its levels.
You visited the Abyss 1 time.

You collected 405 gold pieces.
You spent 98 gold pieces at shops.

Inventory:

Hand Weapons
 f - a +2 flail of protection (weapon)
 I - a +2 quarterstaff of chaos
Missiles
 K - a javelin (quivered)
Armour
 e - a +0 cloak (worn)
 q - a +0 hat (worn)
 r - a +0 robe (worn)
Jewellery
 a - a +5 amulet of reflection (around neck)
 z - a -3 ring of dexterity (left hand)
 E - a ring of protection from cold (right hand)
Wands
 u - a wand of digging (11/24)
 x - a wand of lightning (7/15)
Scrolls
 b - a scroll of amnesia
 g - a scroll of identify
 i - 4 scrolls of remove curse
 l - 2 scrolls of random uselessness
 m - 2 scrolls of fear
 o - 3 scrolls of recharging {unknown}
 s - 2 scrolls of enchant armour {unknown}
 w - 3 scrolls of enchant weapon {unknown}
 y - 4 scrolls of blinking {unknown}
 B - a scroll of teleportation
 D - 2 scrolls of brand weapon {unknown}
 H - a scroll of magic mapping {unknown}
 J - a scroll of noise {unknown}
Potions
 d - a potion of curing
 k - 2 potions of cancellation
 n - a potion of agility
 p - a potion of magic
 C - a potion of ambrosia
 G - a potion of might
 L - a potion of brilliance
Books
 v - a book of Debilitation

   Spells                             Type                      Level
   a - Corona                         Hexes                        1
   b - Slow                           Hexes                        2
   c - Gell's Gravitas                Hexes/Translocation          3
   d - Inner Flame                    Hexes/Fire                   3
   e - Cause Fear                     Hexes                        4
   f - Leda's Liquefaction            Hexes/Earth                  4
Comestibles
 c - 8 bread rations
 h - 3 meat rations
 j - 3 beef jerkies
 t - 4 fruits
 F - a slice of pizza


   Skills:
 + Level 9.2 Fighting
 - Level 14.1 Maces & Flails
 - Level 2.1 Dodging
 - Level 2.0 Invocations


You had 8 spell levels left.
You didn't know any spells.

Dungeon Overview and Level Annotations

Branches:
Dungeon (9/15)             Temple (0/1) D:4            Lair (0/6) D:9
    Orc: D:9-12

Altars:
Ashenzari
Fedhas
Gozag
Ru
Sif Muna
Zin
The Shining One

Shops:
D:6 !   D:7 (

Annotations:
D:8 Gastronok


Innate Abilities, Weirdness & Mutations

You are too large for most types of armour.
You have tough skin. (AC +1)


Message History

The hell hound bites you but does no damage.
Okay, then.
You closely miss the hell hound.
The hell hound is severely wounded.
The hell hound breathes flames at you. The blast of flame hits you!
* * * LOW HITPOINT WARNING * * *
You barely miss the hell hound.
The hell hound is severely wounded.
You block the hell hound's attack.
You miss the hell hound.
The hell hound is severely wounded.
The hell hound bites you.
* * * LOW HITPOINT WARNING * * *
Press: ? - help, Shift-Dir - straight line, f - hell hound
Aim: a hell hound (severely wounded, catching its breath, chance to defeat MR: 81%)
You fail to use your ability.
The hell hound misses you. The hell hound breathes flames at you.
The blast of flame hits you!
You die...

############################
#.................h........#
#.............h####...####.#
#..........(..@# #.>.# #.#
#........(.....# #...# #.#
#..............# #...# #.#
#..............# #...# #.#
#..............# #...# #.#
#..............# #...# #.#
#..............# #...# #.#
#..............# #...####.#
#...........)..#
#........####


You could see a hell hound.

Vanquished Creatures
  2 hippogriffs (D:9)
  Sigmund (D:2)
  Eustachio (D:4)
  An orc warrior (D:9)
  A sky beast (D:5)
  An eye of draining (D:9)
  2 phantoms
  An ogre (D:4)
  A centaur (D:7)
  3 bullfrogs
  A big kobold (D:9)
  A scorpion (D:4)
  2 crimson imps (D:9)
  2 bullfrog zombies
  A jelly (D:6)
  2 orc priests
  7 hounds
  2 bullfrog skeletons
  5 orc wizards
  Crazy Yiuf (D:6)
  Jessica (D:3)
  2 worker ants (D:4)
  2 iguanas
  Ijyb (D:3)
  A hound zombie (D:6)
  A hound skeleton (D:9)
  3 gnolls (D:5)
  10 adders
  2 oozes (D:1)
  2 adder zombies
  2 adder skeletons
  3 worms
  4 dart slugs
  3 leopard geckos
  13 orcs
  3 giant cockroaches
  10 goblins
  4 hobgoblins
  A jackal (D:4)
  A quokka (D:2)
  4 bats
  6 frilled lizards
  A jackal skeleton (D:4)
  14 kobolds
  2 quokka skeletons
  9 rats
143 creatures vanquished.

Notes
Turn   | Place    | Note
-------+----------+-------------------------------------------
     0 | Abyss:1  | Amnesiac the Ogre Abyssal Knight began the quest for the Orb.
     0 | Abyss:1  | Reached XP level 1. HP: 24/24 MP: 2/2
    45 | Abyss:1  | Noticed a tentacled starspawn
    47 | Abyss:1  | Noticed a small abomination
    99 | D:1      | Escaped the Abyss
   117 | D:1      | Reached skill level 3 in Maces & Flails
   134 | D:1      | Reached * piety under Lugonu
   458 | D:1      | Reached XP level 2. HP: 31/32 MP: 3/3
   505 | D:1      | Reached skill level 4 in Maces & Flails
   847 | D:1      | Reached XP level 3. HP: 39/39 MP: 4/4
  1169 | D:2      | Reached skill level 5 in Maces & Flails
  1321 | D:2      | Noticed Sigmund
  1365 | D:2      | Reached XP level 4. HP: 31/48 MP: 5/5
  1768 | D:2      | Killed Sigmund
  1768 | D:2      | Reached skill level 7 in Maces & Flails
  1768 | D:2      | Reached XP level 5. HP: 40/54 MP: 6/6
  1911 | D:2      | Reached skill level 8 in Maces & Flails
  1946 | D:2      | Reached XP level 6. HP: 55/62 MP: 7/7
  2234 | D:3      | Reached ** piety under Lugonu
  2355 | D:3      | Noticed Ijyb
  2355 | D:3      | Noticed Jessica
  2362 | D:3      | Killed Jessica
  2370 | D:3      | Killed Ijyb
  2841 | D:4      | Reached skill level 9 in Maces & Flails
  3109 | D:4      | Found a staircase to the Ecumenical Temple.
  3279 | D:4      | Noticed Eustachio
  3305 | D:4      | Reached XP level 7. HP: 49/70 MP: 8/8
  3365 | D:4      | Killed Eustachio
  3365 | D:4      | Reached skill level 10 in Maces & Flails
  3809 | D:4      | Reached skill level 11 in Maces & Flails
  4068 | D:4      | Reached XP level 8. HP: 70/78 MP: 9/9
  4150 | D:5      | Entered Level 5 of the Dungeon
  4223 | D:5      | Found a glowing silver altar of Zin.
  4233 | D:5      | Found a glowing golden altar of the Shining One.
  4363 | D:5      | Found a deep blue altar of Sif Muna.
  4464 | D:5      | Reached skill level 12 in Maces & Flails
  4839 | D:6      | Found a sacrificial altar of Ru.
  4839 | D:6      | Found a blossoming altar of Fedhas.
  4841 | D:6      | Found an opulent altar of Gozag.
  4842 | D:6      | Found a shattered altar of Ashenzari.
  5213 | D:6      | Reached skill level 13 in Maces & Flails
  5243 | D:6      | Found Dueh's Distillery.
  5268 | D:6      | Bought a potion of lignification for 42 gold pieces
  5268 | D:6      | Bought a potion of might for 56 gold pieces
  5292 | D:6      | Reached *** piety under Lugonu
  5357 | D:6      | Found a runed door.
  5361 | D:6      | Noticed Crazy Yiuf
  5365 | D:6      | Killed Crazy Yiuf
  5458 | D:7      | Found Fafem's Antique Weapon Shop.
  5622 | D:7      | Reached skill level 14 in Maces & Flails
  5622 | D:7      | Reached XP level 9. HP: 47/84 MP: 10/10
  5798 | D:7      | Reached skill level 5 in Fighting
  5852 | D:8      | Noticed Gastronok
  5948 | D:9      | HP: 2/92 [orc priest/divine providence (13)]
  6310 | D:9      | Noticed a cyclops
  6315 | D:9      | Reached **** piety under Lugonu
  6644 | D:9      | Found a staircase to the Lair.
  6736 | D:9      | HP: 3/98 [cyclops (25)]
  6863 | D:9      | Killed from afar by a hell hound

Vault maps used:
D:1:      erik_arrival_gehennom
D:2:      uniq_sigmund
D:3:      first_bread, uniq_iyjb, uniq_jessica
D:4:      minmay_box_of_dots, uniq_eustachio
D:5:      amethyst_overflow_temple_binary, led_sif_book
D:6:      grunt_temple_overflow_open, serial_shops, nicolae_shop_stone,
          uniq_crazy_yiuf_cottage
D:7:      serial_shops, shop
D:8:      uniq_gastronok
D:9:      minmay_blocky_corners, lemuel_crystal_altar, minmay_lair_entry_lava,
          hangedman_ranch, corexii_checkpoint_b
Abyss:1:  guppyfry_abyss_exit_glass_guarded

Skill      XL: |  1  2  3  4  5  6  7  8  9 |
---------------+----------------------------+-----
Maces & Flails | 3 4 5 7 8 9 11 14 | 14.1
Fighting       | 9 |  9.2
Dodging        | |  2.1
Invocations    | |  2.0

Action                   |  1- 3 |  4- 6 |  7- 9 || total
-------------------------+-------+-------+-------++-------
Melee: Mace              |   119 |   165 |    86 ||   370
       Flail             |       |       |   298 ||   298
Throw: Javelin           |       |       |     7 ||     7
Invok: Depart the Abyss  |     1 |       |       ||     1
  Use: Scroll            |     3 |       |     9 ||    12
       Potion            |       |     1 |    12 ||    13
 Stab: Sleeping          |     1 |     2 |       ||     3
  Eat: Chunk             |     2 |     6 |    11 ||    19
Armor: Robe              |    36 |    66 |   101 ||   203
       Skin              |       |       |   147 ||   147
Dodge: Dodged            |    78 |    76 |   152 ||   306
Block: Other             |       |       |    36 ||    36
